 Dungeon Crawl Stone Soup version 0.16-a0-1157-gec61f8e (webtiles) character file.

24 MackTheKnife the Grave Robber (level 2, -3/19 HPs)
             Began as a Demonspawn Wanderer on Oct 8, 2014.
             Slain by a worm (12 damage)
             ... on level 2 of the Dungeon.
             The game lasted 00:03:12 (1400 turns).

MackTheKnife the Grave Robber (Demonspawn Wanderer) Turns: 1400, Time: 00:03:13

Health: -3/19      AC:  2    Str: 12    XL:     2   Next: 79%
Magic:  0/4        EV: 11    Int: 16    God:
Gold:   58         SH:  0    Dex:  9    Spells: 2 memorised, 3 levels left

rFire  . . .     SeeInvis .     m - +0 whip
rCold  . . .     Clarity  .     d - +0 robe
rNeg   . . .     SustAb   .     (no shield)
rPois  .         Gourm    .     (no helmet)
rElec  .         Spirit   .     (no cloak)
rCorr  .         Warding  .     (no gloves)
rMut   .         Stasis   .     (no boots)
MR     .....                    (no amulet)
Stlth  +.........               (no ring)
                                (no ring)

@: not resistant to hostile enchantments, very unstealthy
A: hooves 1
a: no special abilities


You were on level 2 of the Dungeon.
You were not hungry.

You visited 1 branch of the dungeon, and saw 2 of its levels.

You collected 58 gold pieces.


Innate Abilities, Weirdness & Mutations

You have large cloven feet.


   Skills:
 - Level 1.0 Throwing
 - Level 1.0 Stealth
 - Level 2.1 Spellcasting
 + Level 1.6 Conjurations
   Level 1.7 Charms
 + Level 3.8 Necromancy
   Level 1.0 Transmutations


You had 3 spell levels left.
You knew the following spells:

 Your Spells              Type           Power        Failure   Level  Hunger
r - Animate Skeleton      Necr           N/A          6%          1    #......
z - Magic Dart            Conj           #...         12%         1    #......

Inventory:

Hand weapons
 m - a +0 whip (weapon)
Armour
 d - a +0 robe (worn)
Comestibles
 f - a bread ration
 g - 6 fruits
 o - a beef jerky
Scrolls
 e - 3 scrolls of magic mapping
 i - a scroll of remove curse {unknown}
 j - a scroll of fog {unknown}
Jewellery
 n - an uncursed ring of poison resistance {unknown}
Potions
 h - a potion of heal wounds {unknown}
 k - a potion of mutation {unknown}
 l - a potion of magic {unknown}
 p - a potion of confusion {unknown}
Books
 a - a book of Minor Magic

   Spells                             Type                      Level
   *Magic Dart                        Conjuration                  1
   Blink                              Translocation                2
   Call Imp                           Summoning                    2
   Repel Missiles                     Charms/Air                   2
   Slow                               Hexes                        2
   Conjure Flame                      Conjuration/Fire             3
   Mephitic Cloud                     Conjuration/Poison/Air       3
 b - Kusuch's Reference Book on Orientation

   Spells                             Type                      Level
   Shroud of Golubria                 Charms/Translocation         2
   Blink                              Translocation                2
 c - Kikubaaqudgha's Grimoire of Evil Secrets

   Spells                             Type                      Level
   *Animate Skeleton                  Necromancy                   1
   Vampiric Draining                  Necromancy                   3

░◦░░ ░░◦◦◦◦◦◦░ ░◦░ ░+░
░░◦░░░▒░▒▒▒▒▒▒▒ ░◦░ ░◦░░
░░◦◦··▒▒···£·▒▒░░░░◦░░░░░░
◦░◦░░░░░░░▒▒·········◦◦◦◦◦◦◦◦◦◦◦◦
░◦░░░◦◦░░···········▒▒░░░░◦░░░░◦◦
░◦░◦◦◦8◦░············◦◦◦◦◦◦░ ░◦◦
+◦+░◦◦◦◦░··········▒▒░░░░░░░ ░◦◦
+◦+░◦◦◦◦▒······w····▒ ░◦◦
░◦░◦◦◦8◦▒······Z6···▒▒▒▒▒▒░░░░░◦◦
░◦░░░◦◦░▒·················◦◦◦◦◦◦◦
◦░◦░░░░░▒▒·▒·▒▒▒▒······▒▒▒▒▒▒▒▒▒▒
░◦░░ ░◦▒◦░ ▒▒······▒▒··<···▒ 8◦8░
░◦░◦░ ▒······▒▒Z▒·▒▒·▒ ░◦░░░░░
░◦▒·▒▒▒▒▒·▒·······▒·▒░◦░
◦░◦░░◦░░░░◦▒>···················▒
8◦8+◦◦◦░░····▒▒▒▒▒·▒▒▒▒·▒▒▒▒·▒··▒
◦░◦░░◦░░◦◦◦◦◦░ ▒·▒ ▒···◦··▒···


You could see a worm and a friendly rat skeleton.


Message History

You feel aware of your surroundings.
It was a scroll of magic mapping.
You barely miss the worm.
The worm is moderately wounded.
The worm misses you.
You hit the worm but do no damage.
The worm is moderately wounded.
The worm barely misses you.
You hit the worm.
The worm is heavily wounded.
You barely miss the worm.
The worm is heavily wounded.
The worm misses you.
Your rat skeleton bites the worm.
You hit the worm but do no damage.
The worm is heavily wounded.
The worm bites you.
Your rat skeleton bites the worm.
You hit the worm.
The worm is almost dead.
Your rat skeleton bites the worm.
Aiming: Magic Dart
Aim: a worm (almost dead)
The magic dart hits the worm.
The worm is almost dead.
The worm bites you.
* * * LOW HITPOINT WARNING * * *
Unknown command.
You hit the worm.
The worm is almost dead.
The worm bites you!
Ouch! That really hurt!
You die...

Action                   || total
-------------------------++-------
Melee: Club              ||    17
       Whip              ||    63
 Cast: Magic Dart        ||    18
       Animate Skeleton  ||     3
  Use: Scroll            ||     1
  Eat: Chunk             ||     2

Vault maps used:
D:1:      lightli_arrival_lavapool, minmay_stone_trees_large
D:2:      wad_orctagon

Notes
Turn   | Place    | Note
--------------------------------------------------------------
     0 | D:1      | MackTheKnife, the Demonspawn Wanderer, began the quest for the Orb.
     0 | D:1      | Reached XP level 1. HP: 13/13 MP: 3/3
     0 | D:1      | Identified Kusuch's Reference Book on Orientation
     0 | D:1      | Identified Kikubaaqudgha's Grimoire of Evil Secrets
     2 | D:1      | Learned a level 1 spell: Animate Skeleton
     5 | D:1      | Learned a level 1 spell: Magic Dart
   329 | D:1      | Reached skill level 1 in Conjurations
   431 | D:1      | Gained mutation: You have large cloven feet. [demonic ancestry]
   431 | D:1      | Reached XP level 2. HP: 13/19 MP: 4/4
  1400 | D:2      | Slain by a worm

Vanquished Creatures
  A giant cockroach (D:1)
  6 goblins (D:1)
  3 hobgoblins (D:1)
  3 bats (D:1)
  3 kobolds (D:1)
  5 rats
21 creatures vanquished.

Vanquished Creatures (collateral kills)
  A bat (D:1)
  A rat (D:1)
2 creatures vanquished.

Grand Total: 23 creatures vanquished
